Map: Mothership LE

Players

Pash - Winner!

  • Race: Terran Terran
  • League: Silver
  • Spawn Location: 6:00

Fortex

  • Race: Terran Terran
  • Spawn Location: 1:00

VOD

Have the link to the VOD?

Description

Time

  • Played on: Jan. 18, 2026, 6:48 a.m.
  • Length: 21:50
Show
View Real Time Build Order
Export as new Build Order

Pash Terran - Winner!

Build Orders: Liberator Opening 

Get SALT Encoding   

  12  0:01  SCV  
  13  0:13  SCV  
  14  0:21  Supply Depot  
  14  0:25  SCV  
  15  0:31  Refinery  
  15  0:43  SCV  
  15  0:47  Barracks  
  16  0:55  SCV  
  17  1:02  Refinery  
  17  1:08  SCV  
  18  1:20  SCV  
  19  1:36  Supply Depot  
  19  1:38  Orbital Command  
  19  1:41  Marine  
  20  2:06  Factory  
  21  2:08  SCV  
  21  2:17  Barracks Reactor  
  21  2:20  SCV  
  22  2:38  SCV  
  23  2:54  Factory Tech Lab  
  23  2:55  Marine x2  
  23  2:58  Supply Depot  
  25  3:01  Starport  
  25  3:03  SCV  
  26  3:15  SCV  
  27  3:26  Supply Depot  
  27  3:31  Siege Tank  
  27  3:32  Marine x2  
  32  3:39  Liberator  
  35  3:44  SCV  
  36  3:52  Barracks, Marine x2  
  38  4:04  Engineering Bay, SCV  
  38  4:07  Siege Tank  
  42  4:10  Marine x2  
  44  4:22  Medivac  
  46  4:27  Supply Depot  
  46  4:28  Marine  
  46  4:30  Supply Depot  
  47  4:41  Missile Turret  
  47  4:42  Barracks Tech Lab  
  47  4:48  Marine  
  48  5:00  SCV  
  48  5:04  Bunker  
  48  5:05  Stimpack  
  49  5:17  Command Center  
  49  5:26  SCV  
  50  5:34  Refinery  
  50  5:36  Refinery  
  50  5:40  Starport Reactor  
  50  5:43  Marine x2  
  50  5:47  Marauder  
  54  5:55  Terran Infantry Weapons Level 1  
  53  7:06  SCV  
  55  7:11  Orbital Command  
  55  7:14  Marauder, Marine x2  
  58  7:16  Medivac x2  
  58  7:18  SCV  
  58  7:19  Siege Tank  
  66  7:26  Missile Turret x2  
  66  7:29  Missile Turret  
  66  7:30  SCV  
  66  7:32  Marine  
  67  7:58  SCV  
  67  7:59  SCV  
  61  8:11  SCV x2  
  56  8:19  Viking  
  58  8:20  Viking  
  58  8:23  SCV x2  
  62  8:33  Barracks  
  62  8:35  Barracks  
  62  8:46  Starport  
  62  8:48  Supply Depot, SCV  
  62  8:49  SCV, Starport  
  62  8:51  Supply Depot  
  62  8:55  Supply Depot  
  64  9:00  Marine x2, SCV  
  64  9:01  SCV  
  68  9:13  SCV x2  
  70  9:25  Armory, Marauder, Marine  
  70  9:26  Marine, Engineering Bay  
  70  9:28  Siege Tank  
  73  9:43  Marine  
  73  9:44  Marine  
  75  9:46  Marauder  
  75  9:51  Starport Tech Lab x2  
  77  9:55  Barracks Tech Lab  
  77  9:57  Barracks Reactor  
  77  10:09  Terran Infantry Armor Level 1  
  77  10:10  Hi-Sec Auto Tracking  
  77  10:31  Command Center  
  77  10:37  Marine x2  
  77  10:38  Marauder, Refinery  
  77  10:41  Marine  
  77  10:42  Marine  
  83  10:44  Marauder  
  83  10:49  Raven x2  
  89  10:50  Liberator  
  89  10:51  Liberator  
  89  10:53  Siege Tank  
  89  10:55  Marine  
  99  11:01  Refinery  
  99  11:07  Terran Vehicle And Ship Armor Level 1  
  99  11:08  Terran Infantry Weapons Level 2  
  99  11:11  Combat Shield  
  99  11:12  Concussive Shells  
  99  11:14  Marine, Marauder  
  102  11:25  Supply Depot  
  102  11:27  Supply Depot x2  
  102  11:29  Missile Turret  
  102  11:30  Missile Turret  
  102  11:31  Missile Turret  
  102  11:32  Missile Turret  
  102  11:42  Marine x3, Medivac x4, SCV x2  
  102  11:43  Marauder  
  117  11:51  Supply Depot  
  117  11:53  Supply Depot  
  117  11:55  SCV x2  
  119  12:02  Marine x4, Marauder  
  119  12:04  Marine  
  126  12:19  Marine  
  127  12:27  Viking  
  127  12:28  Viking x3  
  135  12:35  Thor  
  141  12:49  Factory, SCV  
  142  12:53  Factory  
  142  12:54  Orbital Command  
  142  13:01  SCV  
  142  13:03  Viking x3  
  142  13:04  Viking  
  151  13:14  SCV  
  152  13:27  Siege Tank  
  152  13:33  Viking  
  152  13:34  Missile Turret, Factory Tech Lab  
  157  13:37  Factory Tech Lab  
  156  14:02  Marine  
  157  14:17  Supply Depot  
  157  14:19  Supply Depot  
  157  14:21  Missile Turret  
  157  14:38  Marine x2  
  157  14:39  Viking, Marauder x2  
  157  14:40  Marine, Viking x2, Siege Tank  
  172  15:01  Viking  
  173  15:17  Viking  
  173  15:26  Siege Tank  
  173  15:28  Siege Tank  
  173  15:52  Barracks Reactor  
  173  16:10  Starport  
  173  16:12  Starport  
  173  16:18  Barracks  
  173  16:20  Barracks  
  173  16:26  Barracks  
  173  16:33  Supply Depot  
  173  16:36  Supply Depot x2  
  173  16:40  Missile Turret x2  
  173  16:41  Missile Turret x2  
  173  16:51  Starport Reactor  
  173  16:52  Starport Reactor  
  173  16:54  Marine x2  
  173  16:55  Viking, SCV x2, Marauder  
  173  16:57  Viking, SCV, Marauder  
  173  16:59  Marine  
  173  17:00  Missile Turret, Marine  
  188  17:03  Missile Turret  
  188  17:04  Terran Infantry Armor Level 2, Missile Turret  
  188  17:05  Terran Infantry Weapons Level 3  
  188  17:07  SCV x2  
  190  17:09  SCV  
  191  17:19  SCV x2  
  191  17:21  SCV  
  191  17:31  SCV x2  
  191  17:33  SCV  
  193  17:37  Command Center  
  179  18:31  Barracks Reactor x2  
  179  18:32  Barracks Reactor  
  179  18:39  Supply Depot  
  179  18:41  Supply Depot  
  179  18:42  Supply Depot  
  179  18:45  Supply Depot  
  179  18:48  Viking x4  
  179  18:50  Orbital Command  
  187  18:56  Refinery x2  
  187  19:01  Viking x2  
  191  19:16  Barracks  
  191  19:17  Barracks  
  191  19:18  Barracks, Missile Turret  
  191  19:26  Marine x2  
  191  19:27  Marine x6  
  191  19:28  Marine  
  200  19:35  Factory Tech Lab  
  200  19:39  Missile Turret  
  200  20:00  Missile Turret  
  200  20:05  Missile Turret  
  200  20:06  Missile Turret  
  143  21:33  Barracks Reactor  
  143  21:34  Barracks Reactor x2  
Show
View Real Time Build Order
Export as new Build Order

Fortex Terran 

Build Orders:  

Get SALT Encoding   

  12  0:33  SCV  
  13  0:39  Supply Depot  
  13  0:45  SCV  
  13  0:47  Refinery  
  14  0:57  SCV, Supply Depot  
  15  1:04  Barracks  
  15  1:09  SCV  
  16  1:21  SCV  
  17  1:34  SCV  
  17  1:35  Barracks  
  18  1:46  SCV  
  19  1:58  SCV  
  20  2:10  SCV  
  21  2:22  SCV  
  22  2:28  Barracks Reactor  
  22  2:34  SCV  
  23  2:40  Supply Depot  
  24  2:46  SCV  
  24  2:51  Barracks Tech Lab  
  24  2:58  Factory, SCV  
  25  3:08  Refinery  
  25  3:10  SCV  
  26  3:13  Combat Shield  
  26  3:22  SCV  
  26  3:25  Marine x2  
  28  3:43  Marine x2, Starport  
  28  3:44  Widow Mine  
  32  4:03  Supply Depot  
  32  4:08  Command Center  
  32  4:24  Marine x2, SCV, Widow Mine  
  32  4:25  Medivac, Supply Depot  
  39  4:37  Supply Depot  
  39  4:47  Marine x2, SCV, Marauder  
  44  4:55  Medivac  
  44  4:59  SCV  
  47  5:05  Marine x2  
  49  5:08  Factory Tech Lab  
  49  5:12  Orbital Command  
  49  5:13  Supply Depot  
  49  5:22  Marine  
  49  5:27  Marauder  
  52  5:30  Marine  
  53  5:38  Siege Tank  
  53  5:40  Marine  
  57  5:48  Marine  
  57  5:49  Marauder  
  52  6:45  Refinery  
  52  6:51  Starport Tech Lab  
  52  6:52  Supply Depot, Siege Tank  
  53  7:08  Refinery  
  53  7:10  Marine x2  
  53  7:15  Marauder  
  57  7:24  Siege Tank  
  57  7:26  Engineering Bay  
  57  7:28  Marine x2  
  62  7:36  Starport, Marauder  
  64  7:46  Marine x2  
  64  7:49  Fusion Core  
  66  7:56  Siege Tank  
  66  7:58  Marauder, Medivac  
  71  8:03  Marine  
  72  8:19  Marauder  
  73  8:21  Viking  
  75  8:27  Missile Turret  
  75  8:31  Missile Turret  
  75  8:34  Cyclone  
  75  8:40  Marauder  
  80  8:50  Viking  
  82  9:14  Marine x2  
  84  9:20  Viking  
  86  9:36  Marine x2  
  86  9:52  Missile Turret  
  86  9:55  Supply Depot  
  86  10:16  SCV, Battlecruiser  
  93  10:23  Supply Depot  
  93  10:27  Supply Depot  
  93  10:28  Starport Tech Lab, SCV  
  94  10:45  SCV  
  94  10:47  Supply Depot  
  95  10:57  SCV  
  96  11:09  Medivac  
  98  11:24  Starport  
  98  11:47  Battlecruiser  
  98  11:49  Command Center x2, Battlecruiser  
  110  11:59  SCV  
  111  12:11  SCV  
  111  12:14  Starport Tech Lab  
  112  12:21  Refinery  
  112  12:22  Refinery  
  112  12:23  SCV  
  112  12:24  Missile Turret  
  113  12:33  Missile Turret  
  113  12:35  Missile Turret  
  113  12:43  Orbital Command  
  113  13:09  Armory  
  113  13:14  Armory  
  113  13:31  SCV  
  113  13:33  SCV  
  115  13:43  SCV  
  115  13:45  SCV  
  115  13:47  Refinery  
  117  13:49  Refinery  
  117  13:55  SCV  
  118  13:56  Battlecruiser  
  118  13:57  SCV  
  125  14:07  SCV  
  126  14:11  Terran Vehicle And Ship Armor Level 1  
  126  14:19  SCV  
  126  14:21  SCV  
  128  14:32  SCV  
  128  14:33  SCV  
  130  14:44  SCV  
  123  14:56  SCV  
  123  15:08  SCV  
  123  15:20  SCV  
  104  15:43  Battlecruiser x2  
  104  15:44  Battlecruiser  
  122  16:42  Missile Turret  
  122  16:47  Battlecruiser  
  122  16:52  Armory  
  128  17:01  Battlecruiser  
  134  17:08  Terran Ship Weapons Level 1  
  115  18:24  Battlecruiser x2  
  115  18:25  Battlecruiser  
  127  18:33  Missile Turret  
  127  18:36  Terran Vehicle And Ship Armor Level 2  
  127  19:03  Command Center  
  127  19:40  Missile Turret  
  127  19:44  Thor  
  133  19:55  Battlecruiser  
  136  20:27  Thor  
Tags
 
League
Silver
Matchup
TvT
Race
Terran
Spawn Locations
Cross Positions
Add a new tag
Caveats
  • Supply blocks, unpowered buildings, or Contaminate may cause inaccurate times.
  • Supply counts are checked every 10 seconds.